 Dungeon Crawl Stone Soup version 0.24-a0-778-g74da537585 (webtiles) character file.

Game seed: 6443408431282880304, levelgen mode: deterministic

127 MalarOregon the Magician (level 4, -4/33 HPs)
             Began as a Draconian Conjurer on Oct 7, 2019.
             Slain by a river rat (5 damage)
             ... on level 4 of the Dungeon.
             The game lasted 00:07:01 (3144 turns).

MalarOregon the Magician (Draconian Conjurer)       Turns: 3144, Time: 00:07:01

Health: -4/33      AC:  5    Str:  8 (10) XL:     4   Next: 85%
Magic:  0/10       EV: 17    Int: 17 (20) God:
Gold:   92         SH:  0    Dex: 17 (19) Spells: 3/12 levels left

rFire    . . .     SeeInvis .   l - +3 long sword
rCold    . . .     Gourm    .   (no shield)
rNeg     . . .     Faith    .   (armour unavailable)
rPois    .         Spirit   .   (helmet restricted)
rElec    .         Reflect  .   (no cloak)
rCorr    .         Harm     .   (no gloves)
MR       .....                  (no boots)
Stlth    ++........             (no amulet)
HPRegen  0.11/turn              (no ring)
MPRegen  0.12/turn              (no ring)

@: agile, very slightly contaminated, very slow
A: unfitting armour, agile 1, clever 2, cold-blooded, AC +5
a: no special abilities


You were on level 4 of the Dungeon.
You were not hungry.

You visited 1 branch of the dungeon, and saw 4 of its levels.

You collected 92 gold pieces.

Inventory:

Hand Weapons
 l - a +3 long sword (weapon)
   (You found it on level 2 of the Dungeon)
Missiles
 d - 6 poisoned darts (quivered)
Scrolls
 a - a scroll of remove curse {unknown}
 b - a scroll of noise {unknown}
 c - 4 scrolls of identify {unknown}
 g - a scroll of teleportation {unknown}
 i - a scroll of blinking {unknown}
 m - a scroll of amnesia {unknown}
 n - a scroll of enchant armour {unknown}
 o - 2 scrolls of enchant weapon {unknown}
 r - a scroll of fear {unknown}
Potions
 f - a potion of agility
 h - a potion of magic {unknown}
 k - a potion of degeneration {!q}
 p - a potion of brilliance {unknown}
 s - a potion of curing {unknown}
 t - a potion of lignification {unknown}
Comestibles
 e - 4 rations {!d}
 q - 2 chunks of flesh


   Skills:
 - Level 1.7 Dodging
 - Level 1.7 Stealth
 - Level 4.7 Spellcasting
 + Level 4.1 Conjurations


You had 3 spell levels left.
You knew the following spells:

 Your Spells              Type           Power        Failure   Level  Hunger
a - Magic Dart            Conj           ###.         2%          1    None
x - Iskenderun's Mystic   Conj           ###.....     26%         4    ####...
z - Fulminant Prism       Conj/Hex       ##........   54%         4    ####...

Your spell library contained the following spells:

 Spells                   Type           Power        Failure   Level  Hunger
 Searing Ray              Conj           ###...       4%          2    ##.....
 Dazzling Spray           Conj/Hex       ##....       19%         3    ###....
 Force Lance              Conj/Tloc      ##......     54%         4    ####...


Dungeon Overview and Level Annotations

Branches:
Dungeon (4/15)
 Temple: D:4-7

Altars:
Qazlal
Vehumet

Annotations:
D:2 Sigmund
D:3 Grinder


Innate Abilities, Weirdness & Mutations

Your plain brown scales are hard. (AC +5)
You cannot fit into any form of body armour.
You are cold-blooded and may be slowed by cold attacks.
You are agile. (Dex +2)
Your mind is very acute. (Int +4)


Message History

You hear the brisk rusting of a drain nearby.
Unknown command.
You see here a +0 trident.
There isn't anything to butcher here.
You enter the shallow water.
Moving in this stuff is going to be slow.
Found a ration.
A river rat and a worm come into view.
You aren't carrying any items that you can evoke.
Aim: a river rat (resting)
The magic dart hits the river rat.
You barely miss the river rat. The river rat closely misses you.
You riposte.
Your unstable footing causes you to fumble your attack.
Aim: a river rat (lightly wounded)
The magic dart hits the river rat but does no damage.
The river rat closely misses you.
Aim: a river rat (lightly wounded)
The magic dart hits the river rat.
The river rat completely misses you.
You riposte.
You closely miss the river rat.
Aim: a river rat (moderately wounded)
The magic dart hits the river rat but does no damage.
The river rat bites you.
* * * LOW HITPOINT WARNING * * *
Aim: a river rat (moderately wounded)
The magic dart hits the river rat.
The river rat bites you.
* * * LOW HITPOINT WARNING * * *
Aim: a river rat (moderately wounded)
The magic dart hits the river rat.
The river rat bites you.
* * * LOW HITPOINT WARNING * * *
Aim: a river rat (severely wounded)
You miscast Iskenderun's Mystic Blast.
You are very lightly contaminated with residual magic.
The air around you crackles with energy!
The river rat closely misses you.
You riposte.
Your unstable footing causes you to fumble your attack.
Aim: a river rat (severely wounded)
The magic dart hits the river rat but does no damage.
The river rat bites you.
* * * LOW HITPOINT WARNING * * *
It was a potion of degeneration.
There was something very wrong with that liquid.
You feel weakened.
You feel dopey.
You feel clumsy. The river rat barely misses you.
You riposte.
You hit the river rat.
It was a potion of agility.
You feel agile all of a sudden. The river rat closely misses you.
It was a potion of mutation.
You feel extremely strange.
You feel clever. x2; You feel agile. The river rat bites you.
You die...

##)####......#.
#(####....).'.
#.).........#
#.....≈.....#.
#...≈≈≈≈≈.≈.%.
######≈#≈#≈≈.
#≈≈≈≈≈≈≈≈≈.#
#≈########.#
#≈≈@≈≈≈#
####r#≈# ≈# ≈#
≈# ##


You could see a river rat.

Vanquished Creatures
  2 adders
  A river rat (D:4)
  5 worms
  3 dart slugs
  2 leopard geckos
  7 orcs
  3 giant cockroaches
  4 goblins
  7 hobgoblins
  2 jackals (D:2)
  A quokka (D:2)
  A ball python (D:2)
  11 bats
  2 frilled lizards (D:3)
  13 kobolds
  6 rats
70 creatures vanquished.

Vanquished Creatures (others)
  An adder (D:3)
1 creature vanquished.

Grand Total: 71 creatures vanquished

Notes
Turn   | Place    | Note
-------+----------+-------------------------------------------
     0 | D:1      | MalarOregon the Draconian Conjurer began the quest for the
                  | Orb.
     0 | D:1      | Reached XP level 1. HP: 14/14 MP: 3/3
   218 | D:1      | Reached XP level 2. HP: 20/20 MP: 1/5
   768 | D:1      | Reached XP level 3. HP: 26/26 MP: 1/7
  1043 | D:2      | Noticed Sigmund
  1914 | D:3      | Noticed an air elemental
  1915 | D:3      | Found a stormy altar of Qazlal.
  1916 | D:3      | Noticed a fire elemental
  1916 | D:3      | Noticed an earth elemental
  1916 | D:3      | Noticed a water elemental
  1951 | D:3      | Found a radiant altar of Vehumet.
  2021 | D:3      | Reached XP level 4. HP: 33/33 MP: 2/10
  2469 | D:3      | Learned a level 4 spell: Iskenderun's Mystic Blast
  2474 | D:3      | Learned a level 4 spell: Fulminant Prism
  2614 | D:3      | Noticed Grinder
  3141 | D:4      | HP: 1/33 [river rat (1)]
  3144 | D:4      | Gained mutation: Your mind is acute. (Int +2) [potion of
                  | mutation]
  3144 | D:4      | Gained mutation: Your mind is very acute. (Int +4) [potion
                  | of mutation]
  3144 | D:4      | Gained mutation: You are agile. (Dex +2) [potion of
                  | mutation]
  3144 | D:4      | Slain by a river rat

Levels and vault maps discovered:
D:1:      minmay_arrival_wavy_path, layout_basic, st_stairs_9
D:2:      layout_loops_corners, uniq_sigmund
D:3:      minmay_spotlight, layout_basic, regret_index_temple_of_mockery,
          fiery_altar_vehumet, nicolae_qazlal_style_of_elements, uniq_grinder,
          uniq_terence, uniq_jessica
D:4:      layout_basic, cheibriados_altar_1, ashenzari_conservatory_becter,
          lightli_sewer_entry_pipes, first_ration, serial_bayou_lagoon_b,
          uniq_blork_the_orc, uniq_eustachio

Skill      XL: |  1  2  3 |
---------------+----------+-----
Spellcasting   | 3 4 |  4.7
Dodging        | |  1.7
Stealth        | |  1.7
Conjurations   | |  4.1

Action                   |  1- 3 |  4- 6 || total
-------------------------+-------+-------++-------
Melee: Tailslap          |     1 |     2 ||     3
       Unarmed           |     1 |       ||     1
       Dagger            |     2 |       ||     2
       Long sword        |       |    19 ||    19
 Cast: Magic Dart        |    98 |    53 ||   151
       Iskenderun's Myst |       |     6 ||     6
  Use: Potion            |       |     3 ||     3
 Stab: Sleeping          |     1 |       ||     1
  Eat: Chunk             |     4 |     4 ||     8
Armor: Skin              |     4 |     4 ||     8
Dodge: Dodged            |     8 |    22 ||    30
       Rpst.: Long sword |     1 |     9 ||    10

Table legend:
 A = Non-vault XP
 B = Vault XP
 C = Vault XP percentage of total XP
 D = Non-vault monster count
 E = Vault monster count
 F = Vault count percentage of total count
                 A         B        C        D         E       F
            +---------+---------+-------+---------+---------+-------
      Total |     146 |      36 |  19.8 |      62 |       8 |  11.4
            +---------+---------+-------+---------+---------+-------
        D:1 |      38 |       6 |  13.6 |      21 |       2 |   8.7
        D:2 |      45 |       0 |   0.0 |      19 |       0 |   0.0
        D:3 |      51 |       6 |  10.5 |      18 |       2 |  10.0
        D:4 |      12 |      24 |  66.7 |       4 |       4 |  50.0
            +---------+---------+-------+---------+---------+-------
